 Dungeon Crawl Stone Soup version 0.19-a0-936-gcfeccc4 (webtiles) character file.

5 Sixotanaka the Charmwright (level 1, -2/14 HPs)
             Began as a High Elf Skald on July 7, 2016.
             Slain by a goblin
             ... wielding a +2 dagger of venom
              (4 damage)
             ... on level 1 of the Dungeon.
             The game lasted 00:00:43 (593 turns).

Sixotanaka the Charmwright (High Elf Skald)          Turns: 593, Time: 00:00:43

Health: -2/14      AC:  3    Str: 11    XL:     1   Next: 66%
Magic:  3/4        EV: 11    Int: 15    God:
Gold:   8          SH:  0    Dex: 14    Spells: 1 memorised, 3 levels left

rFire  . . .     SeeInvis .     a - +0 falchion
rCold  . . .     Gourm    .     b - +0 leather armour
rNeg   . . .     Faith    .     (no shield)
rPois  +         Spirit   .     (no helmet)
rElec  .         Dismiss  .     (no cloak)
rCorr  .         Reflect  .     (no gloves)
SustAt .         Harm     .     (no boots)
MR     .....                    (no amulet)
Stlth  +.........               (no ring)
                                e - ring of poison resistance (curse)

@: infused, not resistant to hostile enchantments, very unstealthy
A: no striking features
a: no special abilities


You were on level 1 of the Dungeon.
You were not hungry.

You visited 1 branch of the dungeon, and saw 1 of its levels.

You collected 8 gold pieces.


   Skills:
 - Level 2.0 Fighting
 + Level 3.1 Long Blades
 - Level 0.8 Armour
 - Level 1.1 Dodging
 - Level 2.4 Spellcasting
 - Level 3.6 Charms


You had 3 spell levels left.
You knew the following spells:

 Your Spells              Type           Power        Failure   Level  Hunger
z - Infusion              Chrm           ##..         10%         1    #......


Dungeon Overview and Level Annotations

Branches:
Dungeon (1/15)

Altars:

Inventory:

Hand Weapons
 a - a +0 falchion (weapon)
Armour
 b - a +0 leather armour (worn)
Jewellery
 e - a cursed ring of poison resistance (left hand)
   (You found it on level 1 of the Dungeon)
Books
 c - a book of Battle
Comestibles
 d - 2 bread rations {@e1}
 f - a meat ration {@e2}

................# #
.#....#####..##.#.##.###
........................
........................
........................
.............##.#.##.###
##....#.#.#..##.#.#K....
........................
#...g@.....##.#.#.....
#...........# #.#.....
..............# #.....
.......#................
....#..#................
.##.#..#..$.......#..###
. .................. .
..........##.#.


You could see a goblin.


Message History

You barely miss the kobold. The bat barely misses you.
You riposte.
You hit the bat.
You kill the bat!
Your Long Blades skill increases to level 3!
The kobold hits you with a dagger.
You closely miss the kobold. The kobold hits you with a dagger.
* * * LOW HITPOINT WARNING * * *
Unknown command.
You hit the kobold.
You kill the kobold!
You see here a bat corpse.
You butcher the bat corpse.
g - a chunk of flesh You see here a bat skeleton.
Items here: ( )) † a dagger; 2 stones; a club; a hobgoblin corpse You butcher the hobgoblin corpse.
g - 5 chunks of flesh (gained 4)
Things that are here:
a dagger; 2 stones; a club You start resting.
Your magical infusion is running out.
You start resting.
You are no longer magically infusing your attacks.
You start resting.
You start resting.
You start waiting.
Some of the chunks of flesh in your inventory have rotted away.
All of the chunks of flesh in your inventory have rotted away.
Done waiting.
Key pressed, stopping explore.
Found 17 gold pieces.
A goblin comes into view. It is wielding a dagger of venom.
The goblin shouts!
A goblin is nearby!
The goblin hits you with a dagger of venom.
You barely miss the goblin.
The goblin hits you with a dagger of venom.
* * * LOW HITPOINT WARNING * * *
You are too injured to fight recklessly!
You are too injured to fight recklessly!
You begin infusing your attacks with magical energy.
The goblin hits you with a dagger of venom.
* * * LOW HITPOINT WARNING * * *
You are too injured to fight recklessly!
Unknown command.
You are too injured to fight recklessly!
You closely miss the goblin. The goblin hits you but does no damage.
The goblin hits you with a dagger of venom.
You die...

Vault maps used:
D:1:      lemuel_arrival_river_passageway

Vanquished Creatures
  A bat (D:1)
  A hobgoblin (D:1)
  3 kobolds (D:1)
5 creatures vanquished.

Table legend:
 A = Turns spent in this place as a percentage of turns spent in the entire game.
 B = Non-inter-level travel turns spent in this place as a percentage of non-inter-level travel turns spent in the entire game.
 C = Inter-level travel turns spent in this place as a percentage of turns spent in this place.
 D = Turns resting spent in this place as a percentage of non-inter-level travel turns spent in this place.
 E = Turns spent auto-exploring this place as a percentage of non-inter-level travel turns spent in this place.
 F = Non-inter-level travel turns spent in this place divided by the number of levels of this place that you've seen.
                   A       B       C       D       E      F
               +-------+-------+-------+-------+-------+----------------------
         Total | 100.0 | 100.0 |   0.0 |  16.5 |  16.5 |  97.0
       Dungeon | 100.0 | 100.0 |   0.0 |  16.5 |  16.5 |  97.0
               +-------+-------+-------+-------+-------+----------------------

Table legend:
 A = Kills in this place as a percentage of kills in entire the game.
 B = Kills by you in this place as a percentage of kills by you in the entire game.
 C = Kills by friends in this place as a percentage of kills by friends in the entire game.
 D = Other kills in this place as a percentage of other kills in the entire game.
 E = Experience gained in this place as a percentage of experience gained in the entire game.
 F = Experience gained in this place divided by the number of levels of this place that you have seen.
                   A       B       C       D       E      F
               +-------+-------+-------+-------+-------+----------------------
         Total | 100.0 | 100.0 |  -nan |  -nan | 100.0 |   8.0
       Dungeon | 100.0 | 100.0 |  -nan |  -nan | 100.0 |   8.0
               +-------+-------+-------+-------+-------+----------------------

Notes
Turn   | Place    | Note
-------+----------+-------------------------------------------
     0 | D:1      | Sixotanaka the High Elf Skald began the quest for the Orb.
     0 | D:1      | Reached XP level 1. HP: 14/14 MP: 4/4
   230 | D:1      | Reached skill level 3 in Long Blades
   592 | D:1      | HP: 2/14 [goblin/dagger of venom (5)]
   593 | D:1      | Slain by a goblin

Action                   || total
-------------------------++-------
Melee: Falchion          ||    22
 Cast: Infusion          ||     4
Armor: Leather armour    ||    11
Dodge: Dodged            ||    17
